 Dungeon Crawl Stone Soup version 0.21.1-1-g345015f (webtiles) character file.

11691 doot the Basher (level 11, -10/67 HPs)
             Began as a Tengu Gladiator on Mar 17, 2018.
             Was a High Priest of Qazlal.
             Mangled by a komodo dragon (26 damage)
             ... on level 1 of the Lair of Beasts.
             The game lasted 01:01:34 (14261 turns).

doot the Basher (Tengu Gladiator)                  Turns: 14261, Time: 01:01:35

Health: -10/67     AC:  8    Str: 16    XL:     11   Next: 81%
Magic:  20/23      EV: 18    Int: 15    God:    Qazlal [*****.]
Gold:   613        SH:  6    Dex: 17    Spells: 10/13 levels left

rFire    + . .     SeeInvis .   a - staff of wizardry
rCold    . . .     Gourm    +   (no shield)
rNeg     . . .     Faith    .   F - +2 leather armour {rF+}
rPois    .         Spirit   .   c - +0 hat
rElec    .         Reflect  .   (no cloak)
rCorr    .         Harm     .   i - +1 pair of gloves
MR       .....                  (boots unavailable)
Stlth    +.........             s - amulet "Qerouss" {Gourm Int+6}
HPRegen  0.21/turn              h - ring of wizardry
MPRegen  0.18/turn              r - ring of magical power

@: lethally poisoned (-10 -> -35), repel missiles, very slow
A: beak, talons 3, able to fly 1
a: Fly, Upheaval, Elemental Force, Disaster Area, Renounce Religion


You were on level 1 of the Lair of Beasts.
You worshipped Qazlal.
Qazlal was extremely pleased with you.
You were hungry.

You visited 2 branches of the dungeon, and saw 12 of its levels.

You collected 613 gold pieces.

Inventory:

Hand Weapons
 b - a +1 bardiche of venom
 E - a +0 whip of freezing
 M - a +0 flail
Missiles
 d - 4 throwing nets (quivered)
Armour
 c - a +0 hat (worn)
 g - a +0 helmet
 i - a +1 pair of gloves (worn)
 F - a +2 leather armour of fire resistance (worn)
 I - a +2 plate armour of cold resistance
 R - a +0 troll leather armour
 T - a +0 leather armour
Magical Staves
 a - an uncursed staff of wizardry (weapon)
Jewellery
 h - a ring of wizardry (left hand)
 r - a ring of magical power (right hand)
 s - the amulet "Qerouss" (around neck) {Gourm Int+6}
   (You took it off an orc on level 7 of the Dungeon)

   [amulet of the gourmand]

   It allows you to eat raw meat even when not hungry.
   It affects your intelligence (+6).
 B - an uncursed amulet of guardian spirit
 H - the amulet of the Bouncing Seas {rN+ Regen+ Stlth+}
   (You took it off an orc on level 7 of the Dungeon)

   [amulet of regeneration]

   It protects you from negative energy.
   It increases your rate of regeneration.
   It makes you more stealthy.
 P - an uncursed amulet of faith {unknown}
Wands
 t - a wand of paralysis (28)
 y - a wand of polymorph (16)
 L - a wand of digging (8)
 Q - a wand of random effects (26)
Scrolls
 l - 4 scrolls of enchant armour
 m - 5 scrolls of identify
 p - 6 scrolls of remove curse
 u - 3 scrolls of blinking
 w - 3 scrolls of fear
 x - 11 scrolls of teleportation
 A - a scroll of random uselessness {unknown}
 D - 2 scrolls of fog {unknown}
 N - a scroll of enchant weapon {unknown}
 S - a scroll of holy word {unknown}
Potions
 e - a potion of flight
 j - 4 potions of lignification
 k - a potion of curing
 n - a potion of brilliance
 o - a potion of agility
 q - a potion of ambrosia {unknown}
 v - a potion of mutation {unknown}
 z - 3 potions of cancellation
 C - 3 potions of might {unknown}
 G - 2 potions of degeneration {unknown}
 O - a potion of berserk rage
Books
 J - a book of Clouds

   Spells                             Type                      Level
   a - Poisonous Vapours              Poison/Air                   2
   b - Mephitic Cloud                 Conjuration/Poison/Air       3
   c - Conjure Flame                  Conjuration/Fire             3
   d - Freezing Cloud                 Conjuration/Ice/Air          6
   e - Ring of Flames                 Charms/Fire                  7
 K - a book of Annihilations

   Spells                             Type                      Level
   a - Poison Arrow                   Conjuration/Poison           6
   b - Chain Lightning                Conjuration/Air              8
   c - Lehudib's Crystal Spear        Conjuration/Earth            8
   d - Glaciate                       Conjuration/Ice              9
   e - Fire Storm                     Conjuration/Fire             9
Comestibles
 f - 19 rations


   Skills:
 + Level 7.4 Fighting
 + Level 12.0(12.2) Maces & Flails
 + Level 3.9(4.4) Polearms
 + Level 2.9(8.8) Staves
 + Level 2.1 Throwing
 + Level 6.1 Armour
 + Level 8.9 Dodging
 + Level 5.4 Stealth
 + Level 1.6 Spellcasting
 * Level 5.8 Conjurations
 + Level 2.7 Air Magic
 + Level 1.7 Poison Magic


You had 10 spell levels left.
You knew the following spells:

 Your Spells              Type           Power        Failure   Level  Hunger
a - Mephitic Cloud        Conj/Pois/Air  ##......     5%          3    ####...


Dungeon Overview and Level Annotations

Branches:
Dungeon (11/15)            Temple (0/1) D:6            Lair (1/6) D:10
    Orc (0/2) D:10

Altars:
Qazlal
Ru
Sif Muna
Trog
Uskayaw
Wu Jian
Yredelemnul
Zin

Shops:
D:11 [


Innate Abilities, Weirdness & Mutations

You have a beak for a mouth.
You have claws for feet.
You can fly.


Message History

Confirm with . or Enter, or press ? or * to list all spells.
Aiming: Mephitic Cloud
Press: ? - help, Shift-Dir - straight line, f - black mamba
Aim: a black mamba (severely wounded)
The ball explodes into a vile cloud!
The stinking cloud engulfs the black mamba.
The black mamba appears unharmed.
The black mamba is severely wounded.
The stinking cloud engulfs the water moccasin.
The water moccasin appears unharmed.
The stinking cloud engulfs the spiny frog.
The spiny frog appears unharmed.
The stinking cloud engulfs you!
You feel sick.
You hear a croak.
The water moccasin misses you. The black mamba misses you.
The spiny frog stings you!
* * * LOW HITPOINT WARNING * * *
You are lethally poisoned!
The spiny frog poisons you! You block the water moccasin's attack.
The komodo dragon bites you!!
You die...

#%..## #......## ..
#.......# ...
##...≈.≈.## ....
###.≈≈≈≈≈≈≈≈## #....
.....≈≈≈≈≈≈§≈.##.....
.....≈≈≈≈≈≈≈≈l§§.......
......≈≈≈≈..§§@.§§.....
......≈≈≈.<.≈SSF.......
......≈≈≈≈≈≈≈§l.##.####
.%...≈≈≈≈≈≈≈≈≈≈.# #
.......≈≈≈≈≈≈≈≈.##
#.....≈≈≈≈≈≈....#
#........≈≈.#.##
#.$..^.###.##.#
#....### ####.P


You could see a komodo dragon, a black mamba, a spiny frog, a basilisk and a
water moccasin.

Vanquished Creatures
  A hydra (D:7)
  2 two-headed ogres
  Pikel (D:6)
  A deep elf mage (D:7)
  Joseph (D:7)
  A gargoyle (D:7)
  3 trolls
  2 hippogriffs
  A hornet (D:9)
  Prince Ribbit (D:7)
  Eustachio (D:6)
  Grum (D:9)
  A hungry ghost (D:10)
  A steam dragon (D:9)
  A soldier ant (D:10)
  5 orc warriors
  A black bear (D:10)
  3 sky beasts
  A necrophage (D:4)
  A slave (D:6)
  3 phantoms
  3 eyes of draining (D:10)
  4 wolves (D:9)
  5 ogres
  7 centaurs
  2 elf zombies (D:7)
  A big kobold (D:8)
  10 bullfrogs
  2 elf skeletons (D:7)
  A water moccasin skeleton (D:6)
  7 scorpions
  3 killer bees (D:10)
  6 howler monkeys
  3 centaur zombies
  4 crimson imps
  A quasit (D:8)
  4 hounds
  A jelly (D:5)
  9 orc wizards
  A gnoll shaman (D:6)
  3 bullfrog skeletons
  2 orc priests (D:5)
  A centaur skeleton (D:10)
  2 human skeletons (D:7)
  3 iguanas
  11 worker ants
  A hound zombie (D:7)
  2 worker ant zombies
  11 adders
  7 gnolls
  A shadow imp (D:10)
  3 adder skeletons
  3 adder zombies
  2 worms
  4 dart slugs
  9 leopard geckos
  40 orcs
  A ball python (D:3)
  5 giant cockroaches
  9 goblins
  10 hobgoblins
  16 jackals
  8 quokkas
  11 bats
  8 frilled lizards
  2 gnoll zombies (D:3)
  11 kobolds
  A leopard gecko zombie (D:7)
  A quokka skeleton (D:5)
  A quokka zombie (D:7)
  24 rats
320 creatures vanquished.

Vanquished Creatures (collateral kills)
  A hornet (D:9)
  A soldier ant (D:9)
2 creatures vanquished.

Vanquished Creatures (others)
  A slave (D:6)
  A centaur (D:6)
  An orc wizard (D:6)
  An ooze (D:6)
  An orc (D:6)
5 creatures vanquished.

Grand Total: 327 creatures vanquished

Notes
Turn   | Place    | Note
-------+----------+-------------------------------------------
     0 | D:1      | doot the Tengu Gladiator began the quest for the Orb.
     0 | D:1      | Reached XP level 1. HP: 12/12 MP: 2/2
   129 | D:1      | Reached XP level 2. HP: 11/17 MP: 3/3
   666 | D:1      | Reached XP level 3. HP: 22/22 MP: 4/4
  1202 | D:2      | Found a deep blue altar of Sif Muna.
  1242 | D:2      | Reached skill level 1 in Stealth
  1395 | D:2      | Reached XP level 4. HP: 27/27 MP: 5/5
  1441 | D:2      | Reached skill level 4 in Maces & Flails
  1441 | D:2      | Reached skill level 1 in Armour
  1810 | D:2      | Found an ornate altar of the Wu Jian Council.
  2056 | D:3      | Gained mutation: You can fly. [Tengu growth]
  2056 | D:3      | Reached XP level 5. HP: 31/31 MP: 6/6
  2205 | D:3      | Found a basalt altar of Yredelemnul.
  2256 | D:3      | Found a hide-covered altar of Uskayaw.
  2397 | D:3      | Found a sacrificial altar of Ru.
  2399 | D:3      | Found a stormy altar of Qazlal.
  2400 | D:3      | Found a glowing silver altar of Zin.
  2414 | D:3      | Became a worshipper of Qazlal Stormbringer
  2833 | D:4      | Noticed a sky beast
  2851 | D:3      | Reached skill level 5 in Maces & Flails
  3100 | D:4      | Killed a sky beast
  3100 | D:4      | Reached XP level 6. HP: 29/37 MP: 3/7
  3211 | D:4      | Noticed a phantom
  3244 | D:4      | Killed a phantom
  3244 | D:4      | Reached skill level 6 in Maces & Flails
  3595 | D:4      | Reached XP level 7. HP: 41/41 MP: 8/8
  4353 | D:4      | Reached * piety under Qazlal
  5041 | D:5      | Entered Level 5 of the Dungeon
  5059 | D:4      | Reached skill level 7 in Maces & Flails
  5314 | D:5      | Reached XP level 8. HP: 47/47 MP: 9/9
  5394 | D:5      | Reached skill level 5 in Dodging
  6129 | D:6      | Found a staircase to the Ecumenical Temple.
  6136 | D:6      | Reached skill level 8 in Maces & Flails
  6294 | D:6      | Reached ** piety under Qazlal
  6524 | D:6      | Noticed Eustachio
  6528 | D:6      | Noticed Pikel
  6777 | D:6      | Killed Pikel
  6777 | D:6      | Reached skill level 9 in Maces & Flails
  6777 | D:6      | Reached XP level 9. HP: 30/52 MP: 10/10
  7513 | D:6      | Killed Eustachio
  7513 | D:6      | Reached skill level 5 in Fighting
  7701 | D:7      | Noticed Joseph
  7721 | D:7      | Reached skill level 10 in Maces & Flails
  8225 | D:7      | Killed Joseph
  8431 | D:7      | Noticed Prince Ribbit
  8444 | D:7      | Reached XP level 10. HP: 50/59 MP: 11/11
  8469 | D:7      | Reached skill level 5 in Armour
  8490 | D:7      | Killed Prince Ribbit
  8527 | D:7      | Found a sand-covered staircase.
  8698 | D:7      | Noticed a deep elf mage
  8714 | D:7      | Killed a deep elf mage
  8714 | D:7      | Reached skill level 11 in Maces & Flails
  8742 | D:7      | Reached *** piety under Qazlal
  8932 | D:7      | Noticed a six-headed hydra
  8941 | D:7      | Killed a six-headed hydra
  9058 | D:7      | Noticed a gargoyle
  9504 | D:7      | Found a bloodstained altar of Trog.
  9576 | D:7      | Killed a gargoyle
  9603 | D:7      | Got a heavily runed tin amulet
  9606 | D:7      | Got a warped steel amulet
  9608 | D:7      | Identified the amulet of the Bouncing Seas {rN+ Regen+ Stlth+} (You took it off an orc on level 7 of the Dungeon)
  9610 | D:7      | Identified the amulet "Qerouss" {Gourm Int+6} (You took it off an orc on level 7 of the Dungeon)
  9867 | D:7      | Learned a level 3 spell: Mephitic Cloud
 10227 | D:8      | Reached skill level 12 in Maces & Flails
 10513 | D:8      | Reached skill level 1 in Conjurations
 10671 | D:8      | Reached XP level 11. HP: 22/67 MP: 12/12
 10940 | D:8      | Reached skill level 1 in Air Magic
 11661 | D:9      | Reached **** piety under Qazlal
 11772 | D:9      | Reached skill level 1 in Staves
 11919 | D:9      | Noticed Grum
 11945 | D:9      | Killed Grum
 12485 | D:9      | Reached skill level 1 in Spellcasting
 12494 | D:9      | Paralysed by a hornet for 1 turns
 12735 | D:10     | Entered Level 10 of the Dungeon
 12760 | D:10     | Reached skill level 5 in Stealth
 12891 | D:10     | Found a staircase to the Lair.
 13045 | D:10     | Reached skill level 1 in Poison Magic
 13158 | D:10     | Reached skill level 1 in Polearms
 13241 | D:10     | Found a staircase to the Orcish Mines.
 13780 | D:11     | Noticed a two-headed ogre
 13812 | D:11     | Killed a two-headed ogre
 13812 | D:11     | Reached skill level 5 in Conjurations
 13963 | D:10     | Reached ***** piety under Qazlal
 14106 | D:11     | Noticed a two-headed ogre
 14107 | D:11     | Found Daaqooc's Antique Armour Boutique.
 14182 | D:10     | Killed a two-headed ogre
 14232 | Lair:1   | Entered Level 1 of the Lair of Beasts
 14261 | Lair:1   | Mangled by a komodo dragon

Skill      XL: |  1  2  3  4  5  6  7  8  9 10 11 |
---------------+----------------------------------+-----
Stealth        | 1 2 3 4 5 |  5.4
Maces & Flails | 4 5 6 7 9 10 12 | 12.0
Armour         | 1 2 3 4 5 6 |  6.1
Dodging        | 4 5 7 8 |  8.9
Fighting       | 3 4 6 7 |  7.4
Conjurations   | 1 5 |  5.8
Air Magic      | 2 |  2.7
Staves         | 2 |  2.9
Spellcasting   | 1 |  1.6
Poison Magic   | 1 |  1.7
Polearms       | 3 |  3.9
Throwing       | |  2.1

Action                   |  1- 3 |  4- 6 |  7- 9 | 10-12 || total
-------------------------+-------+-------+-------+-------++-------
Melee: Flail             |    79 |   115 |   215 |       ||   409
       Kick              |    20 |    33 |   136 |   232 ||   421
       Peck              |     8 |    14 |    80 |   138 ||   240
       Whip              |       |       |   180 |   225 ||   405
       Staff             |       |       |       |   296 ||   296
       Bardiche          |       |       |       |   103 ||   103
 Cast: Mephitic Cloud    |       |       |       |    59 ||    59
 Abil: Fly               |       |     2 |       |       ||     2
  Use: Potion            |       |       |     4 |     3 ||     7
       Scroll            |       |       |     7 |     2 ||     9
 Stab: Sleeping          |     1 |     3 |       |       ||     4
       Confused          |       |       |       |    37 ||    37
  Eat: Chunk             |     2 |     4 |    10 |    30 ||    46
       Ration            |       |     1 |     1 |     2 ||     4
Armor: Leather armour    |    22 |    35 |    59 |    80 ||   196
       Skin              |       |       |     1 |       ||     1
Dodge: Dodged            |    62 |    97 |   248 |   372 ||   779
       Deflected         |       |       |       |     6 ||     6
Block: Other             |       |       |    25 |    84 ||   109
